 Dungeon Crawl Stone Soup version 0.19-a0-1468-ge013c26 (webtiles) character file.

366 jacquesderrida the Slasher (level 6, -9/45 HPs)
             Began as a Vine Stalker Wanderer on Sept 8, 2016.
             Was an Initiate of Ashenzari.
             Killed by divine providence
             ... invoked by an orc priest
              (12 damage)
             ... on level 5 of the Dungeon.
             The game lasted 00:06:45 (1298 turns).

jacquesderrida the Slasher (Vine Stalker Wanderer)  Turns: 1298, Time: 00:06:47

Health: -9/45      AC: 23    Str: 16    XL:     6   Next: 68%
Magic:  0/7        EV:  2    Int: 12    God:    Ashenzari [......]
Gold:   217        SH:  0    Dex: 14    Spells: 0 memorised, 5 levels left

rFire  + . .     SeeInvis .     a - +2 falchion
rCold  + . .     Gourm    .     (armour currently unavailable)
rNeg   + + +     Faith    .     (no shield)
rPois  +         Spirit   +     (helmet currently unavailable)
rElec  +         Dismiss  .     (cloak currently unavailable)
rCorr  +         Reflect  .     (gloves currently unavailable)
MR     .....     Harm     .     (boots currently unavailable)
Stlth  +++....... NoTele   +    (no amulet)
                                (no ring)
                                (no ring)

@: tree-form, resistant
A: (fangs 0), regeneration 1, magic shield, (antimagic bite), no device heal 3,
rot immunity
a: Curse Item, Renounce Religion


You were on level 5 of the Dungeon.
You worshipped Ashenzari.
Ashenzari was noncommittal.
You were hungry.
You were a tree.
You visited 2 branches of the dungeon, and saw 7 of its levels.

You collected 217 gold pieces.

Inventory:

Hand Weapons
 a - a +2 falchion (weapon)
Armour
 c - a +0 robe
 s - a cursed +0 ring mail (melded)
 v - a +0 helmet (melded)
 z - a +0 pair of gloves (melded)
 A - a +2 pair of boots (melded)
Wands
 y - a wand of slowing (0/48)
 B - a wand of flame (30/48)
Scrolls
 d - 2 scrolls of remove curse
 e - a scroll of magic mapping {unknown}
 h - a scroll of recharging {unknown}
 i - a scroll of noise {unknown}
 j - a scroll of blinking {unknown}
 l - 4 scrolls of identify {unknown}
 n - 2 scrolls of enchant armour {unknown}
 p - a scroll of amnesia {unknown}
 r - a scroll of enchant weapon {unknown}
 w - a scroll of fog {unknown}
 C - a scroll of immolation {unknown}
Potions
 m - a potion of haste {unknown}
 q - a potion of berserk rage {unknown}
 t - 3 potions of might {unknown}
 u - a potion of flight {unknown}
 x - a potion of curing {unknown}
 D - 2 potions of cancellation {unknown}
Comestibles
 f - 4 bread rations
 g - 4 fruits
 o - a meat ration


   Skills:
 - Level 1.7 Fighting
 + Level 6.6 Long Blades
   Level 1.0 Axes
 - Level 1.0 Dodging
 - Level 2.4 Stealth
   Level 1.0 Shields


You had 5 spell levels left.
You didn't know any spells.

Dungeon Overview and Level Annotations

Branches:
Dungeon (6/15)             Temple (1/1) D:4

Altars:
Ashenzari
Cheibriados
Fedhas
Gozag
Hepliaklqana
Kikubaaqudgha
Makhleb
Okawaru
Qazlal
Trog
Vehumet
Yredelemnul
Zin
The Shining One

Annotations:
D:6 Sigmund


Innate Abilities, Weirdness & Mutations

((You have extremely sharp teeth.))
Your natural rate of healing is unusually fast.
When hurt, damage is shared between your health and your magic reserves.
((Your bite disrupts and absorbs the magic of your enemies.))
Potions and wands cannot restore your health.
You are immune to rotting.


Message History

You turn into a tree.
Your +0 helmet melds into your body.
Your +0 pair of gloves melds into your body.
Your +2 pair of boots melds into your body.
Your cursed +0 ring mail melds into your body.
Your roots penetrate the ground.
The orc priest invokes the aid of Beogh against you.
Beogh smites you!
The orc priest calls down the wrath of Beogh upon you.
Beogh smites you!
* * * LOW HITPOINT WARNING * * *
You hit the orc priest but do no damage.
The orc priest hits you but does no damage.
The orc priest calls down the wrath of Beogh upon you.
Beogh smites you!
* * * LOW HITPOINT WARNING * * *
Unknown command.
You hit the orc priest but do no damage.
The orc priest invokes the aid of Beogh against you.
Beogh smites you!
You die...

..# ..# ..........# ...
...........# ##.#
#...........# #...
............# #..#
#..........# ####$.#
#..........# #....♣#
#..........# ###....o#
#..........## ........#
#............
###..o#.####..........##
#..o#..........######
#...#.###.###.########
#.. #.# #.#....... #..
#.# #.#.......
.######.## #.#.......


You could see 3 orc priests.

Vanquished Creatures
  A sky beast (D:5)
  A giant frog (D:5)
  A scorpion (D:4)
  A hound (D:4)
  3 worker ants (D:4)
  3 adders
  An ooze (D:3)
  A worm (D:3)
  A dart slug (D:1)
  An orc (D:4)
  2 ball pythons
  A giant cockroach (D:2)
  3 goblins
  A hobgoblin (D:2)
  3 quokkas
  A giant gecko skeleton (D:5)
  3 giant newts
  A kobold (D:3)
  2 rats
31 creatures vanquished.

Notes
Turn   | Place    | Note
-------+----------+-------------------------------------------
     0 | D:1      | jacquesderrida the Vine Stalker Wanderer began the quest for the Orb.
     0 | D:1      | jacquesderrida set off with: a +2 falchion, 2 potions of lignification, a +0 robe, a +0 dagger, a bread ration
     0 | D:1      | Reached XP level 1. HP: 11/11 MP: 2/2
     2 | D:1      | Noticed a demonspawn
     2 | D:1      | Noticed a dwarf
     4 | D:1      | Noticed an ogre
     4 | D:1      | Noticed a formicid
     6 | D:1      | Noticed a gargoyle
     6 | D:1      | Noticed an elf
     8 | D:1      | Noticed a spriggan
    10 | D:1      | Noticed a naga
    10 | D:1      | Noticed a human
    12 | D:1      | Noticed a halfling
    12 | D:1      | Noticed a tengu
    14 | D:1      | Noticed a demigod
    14 | D:1      | Noticed a felid
    16 | D:1      | Noticed a ghoul
    18 | D:1      | Noticed a vine stalker
    18 | D:1      | Noticed a draconian
    20 | D:1      | Noticed a centaur
    20 | D:1      | Noticed a troll
    24 | D:1      | Noticed a minotaur
    24 | D:1      | Noticed a vampire
    26 | D:1      | Noticed a merfolk
    26 | D:1      | Noticed an octopode
   168 | D:2      | Reached skill level 3 in Long Blades
   195 | D:3      | Reached XP level 2. HP: 10/15 MP: 3/3
   309 | D:3      | Found a burning altar of Makhleb.
   309 | D:3      | Noticed a green death
   312 | D:3      | Noticed a ynoxinul
   312 | D:3      | Noticed a neqoxec
   420 | D:2      | Reached XP level 3. HP: 6/18 MP: 4/4
   463 | D:2      | Found a bloodstained altar of Trog.
   471 | D:2      | Found a glowing silver altar of Zin.
   474 | D:2      | Found a hazy altar of Hepliaklqana.
   517 | D:2      | Found a glowing golden altar of the Shining One.
   721 | D:4      | Found a staircase to the Ecumenical Temple.
   728 | D:4      | Reached skill level 4 in Long Blades
   728 | D:4      | Gained mutation: Your natural rate of healing is unusually fast. [Vine Stalker growth]
   728 | D:4      | Reached XP level 4. HP: 7/23 MP: 2/5
   736 | Temple   | Entered the Ecumenical Temple
   755 | Temple   | Became a worshipper of Ashenzari the Shackled
   848 | D:4      | Reached skill level 5 in Long Blades
   848 | D:4      | Reached XP level 5. HP: 9/26 MP: 2/6
   989 | D:4      | Found an iron altar of Okawaru.
  1029 | D:4      | Noticed an ogre
  1034 | D:5      | Entered Level 5 of the Dungeon
  1087 | D:5      | Noticed a sky beast
  1143 | D:5      | Killed a sky beast
  1143 | D:5      | Reached skill level 6 in Long Blades
  1143 | D:5      | Reached XP level 6. HP: 21/30 MP: 7/7
  1255 | D:6      | Noticed Sigmund
  1298 | D:5      | Killed from afar by an orc priest

Vault maps used:
D:1:      kb_arrival_jail
D:2:      minitemple, kennysheep_flooded_box, grunt_ministairs_2, tso_metal_star
D:3:      first_bread, makhleb_altar_promises_db
D:4:      kennysheep_mini, kennysheep_okawaru_gauntlet, serial_bayou_pond_c,
          hangedman_abyss_or_decor_stabs
D:5:      kennysheep_mini_moat, nicolae_ru_path_of_blood,
          eat_drink_and_be_merry_uskayaw
D:6:      nicolae_dithmenos_shadow_blocks, uniq_sigmund
Temple:   jpeg_temple_island

Skill      XL: |  1  2  3  4  5 |
---------------+----------------+-----
Long Blades    | 3 4 5 6 |  6.6
Fighting       | |  1.7
Axes           | |  1.0
Dodging        | |  1.0
Stealth        | |  2.4
Shields        | |  1.0

Action                   |  1- 3 |  4- 6 || total
-------------------------+-------+-------++-------
Melee: Falchion          |    57 |    80 ||   137
       Bite              |     3 |    18 ||    21
Evoke: Wand              |       |     5 ||     5
  Use: Potion            |     1 |     2 ||     3
 Stab: Sleeping          |     2 |     2 ||     4
  Eat: Chunk             |       |     1 ||     1
Armor: Robe              |     2 |       ||     2
       Ring mail         |    11 |    23 ||    34
       Skin              |    12 |     1 ||    13
Dodge: Dodged            |    14 |    37 ||    51
